 Dungeon Crawl Stone Soup version 0.14.0-26-g1682e81 (webtiles) character file.

249 Leibowitz the Skirmisher (level 5, -2/33 HPs)
             Began as a Kobold Fighter on Apr 27, 2014.
             Killed by nerve-wracking pain
             ... invoked by an orc priest
              (7 damage)
             ... on Level 3 of the Dungeon.
             The game lasted 00:09:15 (3033 turns).

Leibowitz the Skirmisher (Kobold Fighter)           Turns: 3033, Time: 00:09:15

HP  -2/33        AC  4     Str 16      XL: 5   Next: 60%
MP   5/5         EV 15     Int  6      God:
Gold 97          SH 13     Dex 15      Spells:  0 memorised,  4 levels left

rFire  . . .     SeeInvis .     a - +0 cutlass
rCold  . . .     Rnd*Rage +     i - +0 robe
rNeg   . . .     Conserve .     c - +1 buckler
rPois  .         rCorr    .     (no helmet)
rElec  .         rRot     .     (no cloak)
SustAb . .       Spirit   .     (no gloves)
rMut   .         Warding  .     (no boots)
Saprov + + .     Stasis   .     (no amulet)
MR     .....                    (no ring)
                                (no ring)

@: not resistant to hostile enchantments, fairly stealthy
A: disease resistance, yellow scales 1, berserk 1, carnivore 3, saprovore 2,
slow healing 1
a: no special abilities


You were on level 3 of the Dungeon.
You were very full.

You visited 1 branch of the dungeon, and saw 3 of its levels.

You collected 97 gold pieces.

Inventory:

Hand weapons
 a - a +0,+0 cutlass (weapon)
Missiles
 m - 22 stones (quivered)
Armour
 c - a +1 buckler (worn)
 i - a +0 robe (worn)
Comestibles
 d - a meat ration
 n - a beef jerky
 o - 2 chunks of orc flesh
Scrolls
 b - a scroll of remove curse
 g - a scroll of immolation {unknown}
 h - a scroll of fear
 l - 2 scrolls of enchant armour
Potions
 e - 2 potions of might


   Skills:
 * Level 4.1 Fighting
 + Level 3.3 Short Blades
 + Level 2.5 Armour
 * Level 3.1 Dodging
 * Level 2.0 Stealth
 * Level 3.0 Shields


You had 4 spell levels left.
You didn't know any spells.

Dungeon Overview and Level Annotations

Branches:
Dungeon (3/15)

Altars:
Fedhas


Innate Abilities, Weirdness & Mutations

You recuperate from illness quickly.
You are small and have problems with some larger weapons.
You are carnivorous and can eat meat at any time.
You can eat rotten meat.
You are partially covered in yellow scales (AC +2).
You tend to lose your temper in combat.
You heal slowly when monsters are visible.


Message History

The adder is heavily wounded.
The adder bites you but does no damage.
You hit the adder.
The adder is severely wounded.
The adder bites you but does no damage.
You hit the adder.
The adder is almost dead.
The adder bites you but does no damage.
You hit the adder.
You kill the adder!
You cannot move.
You feel less woody.
Your +0 robe unmelds from your body.
Items here: % ))) [[[[ The orc priest prays to Beogh.
You feel a wave of unholy energy pass over you.
There is a stone staircase leading up here.
The orc priest calls down the wrath of Beogh upon you.
Pain shoots through your body!
You die...

##############
#..%..@.>....#
#o####..####.#
#.# ##..###
#%##....(..
#o#.....###
##..........
#......###
##.##### # ..#


You could see an orc priest.

Vanquished Creatures
  Jessica (D:3)
  3 gnolls (D:2)
  4 adders
  A worm (D:2)
  3 oozes
  7 orcs (D:3)
  3 giant cockroaches
  6 hobgoblins
  4 jackals (D:2)
  4 kobolds
  A quokka (D:2)
  3 bats
  3 giant newts
  6 goblins
  11 rats
60 creatures vanquished.

Notes
Turn   | Place    | Note
--------------------------------------------------------------
     0 | D:1      | Leibowitz, the Kobold Fighter, began the quest for the Orb.
     0 | D:1      | Reached XP level 1. HP: 14/14 MP: 1/1
   226 | D:1      | Reached XP level 2. HP: 8/19 MP: 2/2
   823 | D:1      | Reached XP level 3. HP: 16/24 MP: 3/3
  1039 | D:2      | Found a blossoming altar of Fedhas.
  1430 | D:2      | Reached skill level 1 in Dodging
  1430 | D:2      | Reached skill level 1 in Stealth
  1430 | D:2      | Reached XP level 4. HP: 24/29 MP: 4/4
  1474 | D:2      | Reached skill level 4 in Fighting
  1565 | D:2      | Gained mutation: You tend to lose your temper in combat. [potion of mutation]
  1565 | D:2      | Gained mutation: You heal slowly when monsters are visible. [potion of mutation]
  1565 | D:2      | Gained mutation: You are partially covered in yellow scales (AC +2). [potion of mutation]
  2290 | D:2      | Reached XP level 5. HP: 14/33 MP: 5/5
  2859 | D:3      | Noticed Jessica
  2870 | D:3      | Killed Jessica
  3033 | D:3      | Killed from afar by an orc priest

Action                   |  1- 3 |  4- 6 || total
-------------------------+-------+-------++-------
Melee: Cutlass           |   105 |   178 ||   283
  Use: Potion            |       |     6 ||     6
       Scroll            |       |     3 ||     3
 Stab: Sleeping          |     1 |     3 ||     4
